 Dungeon Crawl Stone Soup version 0.21-a0-351-g38363bb (webtiles) character file.

120 4thArraOfDagon the Skirmisher (level 5, -2/55 HPs)
             Began as an Ogre Enchanter on Oct 9, 2017.
             Was an Initiate of the Shining One.
             Slain by a goblin
             ... wielding a +0 club
             ... led by Robin
              (8 damage)
             ... on level 3 of the Dungeon.
             The game lasted 00:09:43 (2035 turns).

4thArraOfDagon the Skirmisher (Ogre Enchanter)      Turns: 2035, Time: 00:09:43

Health: -2/55      AC:  3    Str: 12    XL:     5   Next: 4%
Magic:  7/8        EV: 10    Int: 17    God:    the Shining One [......]
Gold:   140        SH:  0    Dex:  9    Spells: 2/8 levels left

rFire    . . .     SeeInvis .   l - +0 morningstar
rCold    . . .     Gourm    .   (no shield)
rNeg     . . .     Faith    .   b - +0 robe
rPois    .         Spirit   .   (helmet restricted)
rElec    .         Reflect  .   (no cloak)
rCorr    .         Harm     .   (gloves unavailable)
MR       .....                  (boots unavailable)
Stlth    +.........             (no amulet)
HPRegen  0.18/turn              (no ring)
MPRegen  0.11/turn              (no ring)

@: glowing
A: unfitting armour, tough skin 1
a: Renounce Religion


You were on level 3 of the Dungeon.
You worshipped the Shining One.
The Shining One was noncommittal.
You were not hungry.

You visited 1 branch of the dungeon, and saw 4 of its levels.

You collected 140 gold pieces.

Inventory:

Hand Weapons
 a - a +1 dagger
 e - a +0 club
 l - a +0 morningstar (weapon)
 v - a +0 flail
Missiles
 i - 7 javelins (quivered)
Armour
 b - a +0 robe (worn)
Jewellery
 n - an uncursed ring of fire
Wands
 w - a wand of lightning (9/15)
Scrolls
 g - a scroll of teleportation {unknown}
 h - a scroll of enchant armour {unknown}
 j - 2 scrolls of remove curse
 m - a scroll of enchant weapon {unknown}
 o - a scroll of blinking {unknown}
 q - 2 scrolls of fear {unknown}
 s - a scroll of fog {unknown}
Potions
 k - 2 potions of agility
 p - a potion of cancellation {unknown}
 r - a potion of might
 t - a potion of mutation {unknown}
 u - a potion of curing {unknown}
Books
 c - a book of Maledictions

   Spells                             Type                      Level
   a - Corona                         Hexes                        1
   b - Ensorcelled Hibernation        Hexes/Ice                    2
   c - Confuse                        Hexes                        3
   d - Tukima's Dance                 Hexes                        3
   e - Dazzling Spray                 Conjuration/Hexes            3
Comestibles
 d - a bread ration
 f - 2 meat rations


   Skills:
 * Level 4.4 Fighting
 - Level 0.8 Short Blades
 * Level 2.4 Maces & Flails
 - Level 1.7 Dodging
 - Level 2.1 Stealth
 - Level 2.4 Spellcasting
 - Level 2.6 Hexes


You had 2 spell levels left.
You knew the following spells:

 Your Spells              Type           Power        Failure   Level  Hunger
a - Corona                Hex            ##.....      6%          1    #......
b - Ensorcelled Hibernat  Hex/Ice        #.....       16%         2    ##.....
c - Confuse               Hex            ##......     19%         3    ###....


Dungeon Overview and Level Annotations

Branches:
Dungeon (4/15)
 Temple: D:4-7

Altars:
Zin
The Shining One

Annotations:
D:2 Sigmund
D:3 exclusion: upstairs, Grinder


Innate Abilities, Weirdness & Mutations

You are too large for most types of armour.
You have tough skin. (AC +1)


Message History

Robin hits you with a mace!
* * * LOW HITPOINT WARNING * * *
Unknown command.
You barely miss Robin.
Robin is severely wounded.
Robin closely misses you.
A goblin comes into view. It is wielding a club.
Unknown command.
Robin throws the goblin at you!
Unknown command.
Evoke which item? (* to show all) (? for menu, Esc to quit)
Aiming: Lightning Bolt
Press: ? - help, Shift-Dir - straight line, f - Robin
Aim: Robin, wielding a mace, wearing a dyed animal skin and wearing a helmet (severely wounded)
You hear a mighty clap of thunder!
The bolt of lightning hits Robin.
You kill Robin!
You have reached level 5!
This wand has 9 charges left.
The goblin hits you with a club!
You die...

#.# #.##...##
#.#######.#.....####
#...>..............# ####
#########..<....##.####<..
#..#..........).##
#..#######.###### #..# #.#
#g.#######.# #@.........#
#..#########
#.#.#######)...รท..#
#...g)g()..(#####......
###.######### #####


You could see a goblin.

Vanquished Creatures
  Robin (D:3)
  2 adders (D:2)
  A gnoll (D:4)
  A worm (D:3)
  A dart slug (D:1)
  3 leopard geckos
  An orc (D:3)
  17 goblins
  9 hobgoblins
  8 jackals
  7 kobolds
  A quokka (D:3)
  A ball python (D:3)
  3 bats
  3 frilled lizards
  9 rats
68 creatures vanquished.

Notes
Turn   | Place    | Note
-------+----------+-------------------------------------------
     0 | D:1      | 4thArraOfDagon the Ogre Enchanter began the quest for the Orb.
     0 | D:1      | Reached XP level 1. HP: 16/16 MP: 3/3
    19 | D:1      | Reached skill level 1 in Fighting
   108 | D:2      | Reached skill level 2 in Fighting
   108 | D:2      | Reached XP level 2. HP: 12/28 MP: 3/5
   169 | D:2      | Learned a level 2 spell: Ensorcelled Hibernation
   220 | D:2      | HP: 1/29 [leopard gecko (1)]
   221 | D:2      | Reached skill level 1 in Maces & Flails
   221 | D:2      | Reached XP level 3. HP: 1/36 MP: 1/6
   265 | D:2      | HP: 1/36 [goblin/club (2)]
   269 | D:2      | Noticed Sigmund
   301 | D:1      | Reached skill level 3 in Fighting
   380 | D:1      | Learned a level 3 spell: Confuse
   972 | D:3      | Noticed an ogre
  1041 | D:3      | Reached XP level 4. HP: 30/45 MP: 7/7
  1312 | D:3      | Noticed Grinder
  1486 | D:4      | Noticed a phantom
  1506 | D:4      | Found a glowing silver altar of Zin.
  1507 | D:4      | Found a glowing golden altar of the Shining One.
  1531 | D:4      | Became a worshipper of the Shining One
  1647 | D:2      | Reached skill level 4 in Fighting
  2020 | D:3      | Noticed Robin
  2035 | D:3      | Killed Robin
  2035 | D:3      | Reached XP level 5. HP: 6/55 MP: 6/8
  2035 | D:3      | Slain by a goblin

Vault maps used:
D:1:      dpeg_arrival_ratfight
D:2:      uniq_sigmund
D:3:      grunt_temple_overflow_opulence, lemuel_old_faithful, uniq_robin,
          uniq_grinder
D:4:      amethyst_overflow_temple_binary, gammafunk_temple_overflow_statue,
          hex_intersection, led_sif_book

Skill      XL: |  1  2  3  4 |
---------------+-------------+-----
Fighting       | 2 3 4 |  4.4
Maces & Flails | 1 2 |  2.4
Short Blades   | |  0.8
Dodging        | |  1.7
Stealth        | |  2.1
Spellcasting   | |  2.4
Hexes          | |  2.6

Action                   |  1- 3 |  4- 6 || total
-------------------------+-------+-------++-------
Melee: Dagger            |   125 |    10 ||   135
       Morningstar       |       |    42 ||    42
       Flail             |       |    28 ||    28
Throw: Javelin           |     8 |     2 ||    10
 Cast: Corona            |     2 |     7 ||     9
       Ensorcelled Hiber |    26 |     6 ||    32
Evoke: Wand              |       |     1 ||     1
  Use: Potion            |     1 |     1 ||     2
       Scroll            |       |     3 ||     3
 Stab: Sleeping          |    15 |     2 ||    17
  Eat: Chunk             |     2 |     5 ||     7
Armor: Robe              |    32 |    30 ||    62
Dodge: Dodged            |    71 |    37 ||   108

Table legend:
 A = Spawn XP
 B = Non-spawn XP
 C = Spawn XP percentage of total XP
 D = Spawn monster count
 E = Non-spawn monster count
 F = Spawn count percentage of total count
 G = Total turns spent on level
                    A         B        C        D         E        F      G
               +---------+---------+-------+---------+---------+-------+---------
         Total |       0 |     172 |   0.0 |       0 |      68 |   0.0 |  2035
               +---------+---------+-------+---------+---------+-------+---------
           D:1 |       0 |      41 |   0.0 |       0 |      26 |   0.0 |   673
           D:2 |       0 |      58 |   0.0 |       0 |      19 |   0.0 |   745
           D:3 |       0 |      59 |   0.0 |       0 |      22 |   0.0 |   365
           D:4 |       0 |      14 |   0.0 |       0 |       1 |   0.0 |   252
               +---------+---------+-------+---------+---------+-------+---------
